[Event "AI Cup Div-3 2023"]
[Site "Online"]
[Date "2023.09.25"]
[Round "1.2"]
[White "Vokhidov, Shamsiddin"]
[Black "Vaibhav, Suri"]
[Result "0-1"]
[Annotator "ChessBase"]
[ECO "C65"]
[WhiteElo "2578"]
[BlackElo "2588"]
[PlyCount "78"]
[EventDate "2023.09.18"]
[EventType "k.o."]
[EventCountry "NET"]
[SourceTitle "playchess.com"]
[Source "ChessBase"]
[SourceQuality "1"]
[TimeControl "900+3"]

1. e4 e5 2. Nf3 Nc6 3. Bb5 Nf6 4. d3 Bc5 5. Bg5 h6 6. Bh4 Ne7 7. d4 exd4 8. Bxf6 gxf6 9. O-O c6 10. Bc4 Rg8 11. Re1 d6 12. Nbd2 Ng6 13. Bf1 Bg4 14. h3 Bh5 15. g4 Nf4 16. Nh4 Bg6 17. Qf3 Ne6 18. Bc4 Ng5 19. Qg3 Bh7 20. Nb3 h5 21. Nxc5 dxc5 22. e5 Kf8 23. e6 fxe6 24. Bxe6 Rg7 25. Bf5 hxg4 26. hxg4 Qd5 27. c4 dxc3 28. Rad1 Qc4 29. Qd6+ Kg8 30. Qxf6 Bxf5 31. Qxf5 Rf8 32. b3 Qb4 33. a3 Rxf5 34. axb4 Rf4 35. Kf1 c2 36. Rd8+ Kh7 37. bxc5 Nh3 38. f3 Rgxg4 39. Rd7+ Rg7 0-1

[Event "AI Cup Div-3 2023"]
[Site "Online"]
[Date "2023.09.25"]
[Round "1.2"]
[White "Alekseev, Evgeny"]
[Black "Beerdsen, Thomas"]
[Result "1/2-1/2"]
[Annotator "ChessBase"]
[ECO "B49"]
[WhiteElo "2573"]
[BlackElo "2511"]
[PlyCount "83"]
[EventDate "2023.09.18"]
[EventType "k.o."]
[EventCountry "NET"]
[SourceTitle "playchess.com"]
[Source "ChessBase"]
[SourceQuality "1"]
[TimeControl "900+3"]

1. e4 c5 2. Nf3 e6 3. d4 cxd4 4. Nxd4 Nc6 5. Nc3 Qc7 6. Be2 a6 7. O-O Nf6 8. Be3 h5 9. h3 Ne5 10. f4 Nc4 11. Bxc4 Qxc4 12. Qd3 d5 13. Qxc4 dxc4 14. e5 Nd7 15. Ne4 b5 16. a4 Bb7 17. Nd2 Bc5 18. axb5 axb5 19. Rxa8+ Bxa8 20. Kf2 O-O 21. Ra1 Nb6 22. Nf5 Bxe3+ 23. Nxe3 Rd8 24. Nf3 Be4 25. Ra6 Na4 26. Nxc4 Bxc2 27. Nd6 Nxb2 28. Nxb5 Bd3 29. Rd6 Rb8 30. Nbd4 Nc4 31. Rd7 Rb2+ 32. Kg3 Bf1 33. Ng5 Rxg2+ 34. Kh4 g6 35. Ne4 Ne3 36. Nf6+ Kg7 37. Rd8 Rd2 38. Rg8+ Kh6 39. Rh8+ Kg7 40. Rg8+ Kh6 41. Rh8+ Kg7 42. Rg8+ 1/2-1/2

[Event "AI Cup Div-3 2023"]
[Site "Online"]
[Date "2023.09.25"]
[Round "1.2"]
[White "Asadli, Vugar"]
[Black "Kramnik, Vladimir"]
[Result "0-1"]
[Annotator "TA"]
[ECO "B33"]
[WhiteElo "2563"]
[BlackElo "2753"]
[PlyCount "62"]
[EventDate "2023.09.18"]
[EventType "k.o."]
[EventCountry "NET"]
[SourceTitle "playchess.com"]
[Source "ChessBase"]
[SourceQuality "1"]
[TimeControl "900+3"]

1. e4 c5 2. Nf3 e6 3. d4 cxd4 4. Nxd4 Nf6 5. Nc3 Nc6 6. Ndb5 d6 7. Bf4 e5 8. Bg5 a6 9. Na3 b5 10. Nd5 Be7 11. Bxf6 Bxf6 12. c3 Rb8 13. Nc2 Bg5 14. a4 bxa4 {[%emt 0:00:02] B33: Sicilian: Pelikan and Sveshnikov Variations.} 15. Ncb4 Nxb4 16. cxb4 O-O {[%emt 0:00:02] The position is equal.} 17. Rxa4 a5 18. b5 (18. Rxa5 $2 Rxb4 19. Ra4 Rxb2 $19) (18. bxa5 Rxb2 19. Qa1 Rc2 $17) 18... Bd7 19. Nc3 d5 {[%emt 0:00:04][%mdl 64] [#] Deflection} 20. Nxd5 (20. exd5 $5 e4 21. Bc4 $11 (21. Rxe4 f5 $14) (21. Nxe4 Rc8 $17)) 20... Bxb5 $1 {[%emt 0:00:03][%mdl 4] is recently more successful than 20...Be7.} 21. Bxb5 Rxb5 22. O-O Qb8 23. Qa1 Bd8 {[%emt 0:00:07][%cal Bg5d8,Bd8b6,Bb6d4][%mdl 32] [#]} 24. Ra2 $146 ({Predecessor:} 24. Rb1 Bb6 25. b4 Bd4 26. Qa2 axb4 27. Raxb4 Rxb4 28. Rxb4 Qa8 29. Ra4 Qd8 30. g3 {½-½ Tarhan,A (2388)-Ohanyan,E (2500) Abu Dhabi op 29th 2023 (7)}) 24... Bb6 25. Qc1 Bd4 26. Qg5 Kh8 27. Ra3 ({Better is} 27. Qd2 $15) 27... h6 ({Black should try} 27... f6 $17 28. Qh5 Qb7) 28. Qg4 {[%emt 0:01:13] This costs White the game.} (28. Rg3 $11 {and White has nothing to worry.} Rg8 29. Rh3) 28... f5 $19 (28... Bxb2 29. Rg3 Rg8 30. Ne7 $14) 29. Qh4 (29. Qg6 {was forced.} fxe4 30. Rh3 (30. Rg3 $2 Qb7 $19)) 29... fxe4 (29... Rxb2 $2 {is the wrong capture.} 30. h3 $19) (29... Bxb2 $2 {loses.} 30. Rf3 $19) 30. Ne7 $2 {[%emt 0:00:06] [#]} (30. Qxe4 Rxb2 31. Rf3 Rxf3 32. gxf3) 30... Rxf2 $1 31. Rxf2 (31. Qxf2 Qb6) 31... Rxb2 {[%emt 0:00:03][%mdl 64] Pin.   Weighted Error Value: White=1.02/Black=0.15 (very precise)} 0-1

[Event "AI Cup Div-3 2023"]
[Site "Online"]
[Date "2023.09.25"]
[Round "1.2"]
[White "Kobo, Ori"]
[Black "Tomashevsky, Evgeny"]
[Result "0-1"]
[Annotator "TA"]
[ECO "C77"]
[WhiteElo "2551"]
[BlackElo "2694"]
[PlyCount "70"]
[EventDate "2023.09.18"]
[EventType "k.o."]
[EventCountry "NET"]
[SourceTitle "playchess.com"]
[Source "ChessBase"]
[SourceQuality "1"]
[TimeControl "900+3"]

1. e4 e5 2. Nf3 Nc6 3. Bb5 a6 4. Ba4 Nf6 5. O-O Be7 6. d3 b5 7. Bb3 d6 8. a3 O-O 9. Nc3 h6 {[%emt 0:00:01] C77: Ruy Lopez: 3...a6 4 Ba4 Nf6, unusual lines.} 10. Be3 Re8 11. a4 b4 {[%emt 0:00:16] The position is equal.} 12. Nd5 Na5 {[%emt 0:00:06] [#]} 13. Nxb4 $146 ({Predecessor:} 13. Ba2 Rb8 14. h3 Nxd5 15. Bxd5 c6 16. Ba2 b3 17. Bxb3 Nxb3 18. cxb3 c5 19. Nd2 {0-1 Vokhidov,S (2552)-Tomashevsky,E (2702) Abu Dhabi Masters 28th 2022 (2)}) 13... Rb8 $1 14. Nd5 Nxb3 15. Nxe7+ Qxe7 16. cxb3 Bg4 17. Rc1 c5 {[%emt 0:00:57][%mdl 1024] Black has compensation.} 18. Rc3 Qe6 19. h3 Bh5 20. Kh2 Rb7 21. Rg1 Bxf3 22. Qxf3 Reb8 23. g4 ({Better is} 23. Bd2 $15) 23... Rxb3 $17 24. g5 hxg5 25. Bxg5 Ne8 {[%emt 0:00:48] Black is more active.} 26. Bc1 Rxc3 (26... R3b4 $142 27. a5 Ra4) 27. bxc3 c4 28. d4 Qf6 29. Qg3 {[%emt 0:02:07] Now White is beyond hope.} (29. Qe3 $17 {is a better defense.}) 29... exd4 $19 30. Bg5 Qe5 31. Bf4 (31. cxd4 $142 Qxe4 32. Qg4 Qxg4 33. hxg4) 31... Qxe4 32. Bh6 Rb1 33. Rg2 (33. Rxb1 Qxb1 34. cxd4) 33... Qe1 {[%emt 0:00:35][%csl Gb1][%cal Re1h1] [#] Black is clearly winning.} 34. Qf3 Qh1+ ({Worse is} 34... Qxc3 35. Qa8 Qe1 36. Rxg7+ Kh8 37. Rg4 Qxf2+ 38. Rg2 $11) 35. Kg3 Rg1 {[%emt 0:00:02] Weighted Error Value: White=0.41/Black=0.05 (flawless)} 0-1

[Event "AI Cup Div-3 2023"]
[Site "Online"]
[Date "2023.09.25"]
[Round "1.2"]
[White "Muradli, Mahammad"]
[Black "Le, Tuan Minh"]
[Result "1/2-1/2"]
[Annotator "ChessBase"]
[ECO "D14"]
[WhiteElo "2550"]
[BlackElo "2559"]
[PlyCount "37"]
[EventDate "2023.09.18"]
[EventType "k.o."]
[EventCountry "NET"]
[SourceTitle "playchess.com"]
[Source "ChessBase"]
[SourceQuality "1"]
[TimeControl "900+3"]

1. d4 d5 2. c4 c6 3. cxd5 cxd5 4. Nc3 Nf6 5. Bf4 Nc6 6. e3 Bf5 7. Bd3 Bxd3 8. Qxd3 e6 9. Nf3 Bb4 10. O-O Bxc3 11. Qxc3 O-O 12. Rfc1 Rc8 13. Bg5 h6 14. Bxf6 Qxf6 15. Qb3 Qe7 16. Rc5 b6 17. Rc3 Na5 18. Qc2 Rxc3 19. Qxc3 1/2-1/2

[Event "AI Cup Div-3 2023"]
[Site "Online"]
[Date "2023.09.25"]
[Round "1.3"]
[White "Radjabov, Teimour"]
[Black "Paravyan, David"]
[Result "1/2-1/2"]
[Annotator "TA"]
[ECO "D35"]
[WhiteElo "2745"]
[BlackElo "2599"]
[PlyCount "172"]
[EventDate "2023.09.18"]
[EventType "k.o."]
[EventCountry "NET"]
[SourceTitle "playchess.com"]
[Source "ChessBase"]
[SourceQuality "1"]
[TimeControl "900+3"]

1. d4 d5 2. c4 e6 3. Nc3 Nf6 4. cxd5 Nxd5 5. Bd2 c5 6. dxc5 {[%emt 0:00:04] D35: Queen's Gambit Declined: Exchange Variation.} Bxc5 7. e3 {[%emt 0:00:03] [#]} O-O $146 ({Predecessor:} 7... Nc6 8. Nf3 a6 9. Bc4 O-O 10. O-O Bd6 11. h3 b5 12. Bxd5 exd5 13. Nxd5 Ne5 14. Nxe5 Bxe5 {1-0 Ahmadi,A (1851)-Ghorishi,S IRI-ch U18 Chess.com INT 2021 (3)}) 8. Nf3 {[%emt 0:00:04] The position is equal.} Nc6 9. a3 Be7 10. Qc2 Nxc3 11. Bxc3 Bf6 12. Bxf6 Qxf6 13. Bd3 h6 14. O-O Bd7 15. Rfd1 Rfd8 16. Be4 Be8 17. b4 Rac8 18. Qb3 b6 19. h3 g6 20. Rac1 Rxd1+ 21. Rxd1 Kg7 22. Qc2 (22. Nd2 $5 ) 22... Ne7 23. Qd3 Bc6 24. Bxc6 Nxc6 ({Black should try} 24... Rxc6 $11 25. Qd7 Rc2) 25. Qa6 $14 Rc7 (25... Rd8 $14 26. Rc1 Rd6) 26. Qc4 $16 {[%emt 0:00:17] And now b5 would win. Black is on the road to losing.} Rc8 27. Rd7 Ne7 28. Qd4 $36 {[%emt 0:00:26][%mdl 2048] White is really pushing. White is much more active.} Rc1+ 29. Kh2 Nc6 30. Qd6 b5 $2 (30... a6 $16 {was necessary.}) 31. Rc7 $18 e5 32. Qxf6+ Kxf6 {[%emt 0:00:03][%mdl 4096] Endgame KRN-KRN} 33. Nd2 Ke6 {[%emt 0:00:59] [#]} 34. Nb3 $1 Rc3 {[%emt 0:00:13] Threatens to win with ...Kd6.} 35. Nc5+ Rxc5 36. bxc5 {[%emt 0:00:04] KR-KN} Kd5 37. Rxf7 a5 38. f4 b4 $2 (38... exf4 39. exf4 (39. Rxf4 b4 $11) 39... b4) 39. axb4 axb4 40. g4 exf4 41. exf4 {[%emt 0:00:04] Strongly threatening f5.} Nd4 42. f5 gxf5 43. gxf5 Kxc5 44. f6 Kd6 45. Rb7 Ne6 46. f7 Nf8 47. Kg3 Ke6 48. Kg4 Kf6 49. Rxb4 Kxf7 50. Kf5 Ng6 51. Rb7+ Ne7+ 52. Ke5 h5 53. h4 Kf8 54. Ke6 Nc6 55. Kf6 Kg8 56. Rc7 Nd4 57. Rc4 Nf3 58. Rf4 Nh2 59. Kg6 Ng4 60. Re4 Kf8 61. Ra4 ({Not} 61. Kxh5 Nf6+ 62. Kh6 Nxe4 $11) 61... Ne5+ 62. Kxh5 Kg7 63. Kg5 Nf7+ 64. Kg4 Nh6+ 65. Kf4 Nf7 66. Ra6 Nh6 67. Re6 Nf7 68. Kg4 Nh6+ 69. Kg5 Nf7+ 70. Kh5 Nh8 71. Kg4 Nf7 72. h5 Nh6+ 73. Kf4 Nf7 74. Re7 Kf6 75. Ra7 Nh6 76. Ra6+ Kg7 77. Ra7+ $2 (77. Rg6+ {mates} Kh7 78. Ke5 Ng8 79. Ke6 Nh6 80. Kf6 Ng8+ 81. Kg5 Ne7 82. Re6) 77... Nf7 $2 {[%emt 0:00:03][%mdl 8192] [#]} (77... Kf6 $11 78. Ra6+ Kg7 79. Rg6+ Kh7 80. Kg5 Nf7+ 81. Kf5 Nh6+ 82. Kf6 Ng8+ 83. Kg5 Ne7) 78. h6+ $1 {[%emt 0:00:04] White mates.} Kg6 {[%emt 0:00:03] [#]} (78... Kg8 79. h7+) 79. h7 $1 Nh8 80. Kg4 Kh6 81. Kf5 Ng6 82. Kf6 Nh8 83. Rb7 Ng6 84. Rb1 Kxh7 85. Rh1+ Kg8 86. Kxg6 Kf8 {[%emt 0:00:03][%mdl 32768] Weighted Error Value: White=0.02 (flawless) /Black=0.32. An unexpected result.} 1/2-1/2

[Event "AI Cup Div-3 2023"]
[Site "Online"]
[Date "2023.09.25"]
[Round "1.3"]
[White "Matlakov, Maxim"]
[Black "Xiong, Jeffery"]
[Result "1/2-1/2"]
[Annotator "TA"]
[ECO "A36"]
[WhiteElo "2674"]
[BlackElo "2693"]
[PlyCount "122"]
[EventDate "2023.09.18"]
[EventType "k.o."]
[EventCountry "NET"]
[SourceTitle "playchess.com"]
[Source "ChessBase"]
[SourceQuality "1"]
[TimeControl "900+3"]

1. c4 c5 2. g3 g6 3. Bg2 Bg7 4. Nc3 Nc6 5. a3 d6 6. Rb1 Qd7 {[%emt 0:01:15] A36: Symmetrical English vs ...g6: 4 Bg2 Bg7.} 7. b4 Bxc3 8. dxc3 Nf6 9. Nh3 O-O {[%emt 0:00:06] [#]} 10. O-O $146 ({Predecessor:} 10. Nf4 Rb8 11. Nd5 b6 12. Bf4 Nxd5 13. cxd5 Nd8 14. bxc5 {1-0 Isajevsky,A (2403)-Von Buelow,G (2361) Titled Tuesday intern op 25th May blitz 2021 (8)}) 10... Ne5 11. Bg5 Qf5 {[%emt 0:01:52] Wards off Nf4} 12. Bxf6 (12. Re1 {keeps more tension.} cxb4 13. e4 Qg4 14. Qxg4 Nfxg4 15. Bxe7 bxa3 16. Bxf8 Kxf8 17. Ra1) 12... Qxf6 13. Nf4 Be6 (13... e6 $1 $11 {keeps the balance.}) 14. Nxe6 (14. Bxb7 $16 Rab8 15. bxc5) 14... fxe6 (14... Qxe6 $11 15. bxc5 (15. Bxb7 Rab8 $14) 15... dxc5) 15. bxc5 $16 dxc5 16. Rxb7 Rad8 (16... Nxc4 $16 17. Qd7 Nb6) 17. Qa4 $18 Rd2 18. Qxa7 ({Much less strong is} 18. Rxa7 $6 Rxe2 19. f4 Ng4 $16) 18... Nxc4 19. Qxc5 ({Don't play} 19. Rxe7 $6 Rxe2 $16) 19... Nd6 20. Qe3 Ra2 {[%emt 0:00:13] [#]} 21. Bh3 $1 Kh8 (21... Nf5 22. Bxf5) 22. Bxe6 Rxa3 23. Rb3 Ra5 {[%emt 0:00:04][%cal Ba3a5,Ba5e5,Be5e4,Be4g4][%mdl 32] ...Re5 would be deadly.} 24. Bh3 Re5 25. Qd3 Ne4 $2 (25... Rh5) 26. Qd4 (26. f4 $142 Rh5 27. Qxe4 Rxh3 28. Rb7) 26... Ng5 27. Bg4 Re4 28. Qxf6+ exf6 29. f4 f5 30. fxg5 Rxg4 {[%emt 0:00:03][%mdl 4096] Endgame KRR-KRR} 31. Rf4 Rxg5 32. Rb7 Rc8 33. c4 (33. Rd4 $142) 33... h5 34. Kf2 {[%emt 0:00:06] Strongly threatening h3. White is more active.} Rg4 {[%emt 0:00:04] [#]} 35. Rxg4 (35. Rb4 $1 $16) 35... hxg4 $16 {[%emt 0:00:04] KR-KR. The position is equal.} 36. Rb4 Kg7 37. Ke3 Kf6 38. Kd4 Rd8+ 39. Kc5 Ke5 40. Rb5 Rc8+ 41. Kb4+ Kd4 42. Rd5+ Ke3 43. Rd6 Rh8 44. c5 {[%emt 0:00:06][%cal Bc4c5,Bc5c6,Bc6c7][%mdl 32] c6 is the strong threat.} Rxh2 45. c6 Rh8 46. Rxg6 {[%emt 0:00:08] aiming for Rf6.} Kxe2 47. c7 Rc8 48. Rc6 Kf3 (48... Kf2 $5 49. Rc3 $8 f4 50. gxf4 g3 $11) 49. Rc3+ Kg2 50. Kb5 Rxc7 {[%emt 0:00:04][%mdl 64] Deflection} 51. Rxc7 Kxg3 $11 {[%emt 0:00:04] KR-KPP} 52. Kc4 {[%emt 0:00:04] White threatens Rf7 and mate.} Kf2 53. Kd3 {[%emt 0:00:03] Rc2+ would kill now.} g3 54. Rc2+ Kf3 {[%emt 0:00:07] Threatens to win with ...g2.} 55. Rc5 ({Don't blunder} 55. Rc1 $2 g2 56. Ra1 f4 $19) 55... g2 56. Rxf5+ {[%emt 0:00:04] KR-KP} Kg3 57. Rg5+ Kf2 58. Rf5+ Kg3 59. Ke2 {[%emt 0:00:03] Threatening mate with Rg5+.} g1=Q 60. Rg5+ Kh2 61. Rxg1 Kxg1 {[%emt 0:00:03] Blacks defense is rewarded with a draw.   Weighted Error Value: White=0.11 (very precise) /Black=0.13 (very precise)} 1/2-1/2

[Event "AI Cup Div-3 2023"]
[Site "Online"]
[Date "2023.09.25"]
[Round "1.3"]
[White "Malakhov, Vladimir"]
[Black "Kovalev, Vladislav"]
[Result "1-0"]
[Annotator "ChessBase"]
[ECO "A14"]
[WhiteElo "2646"]
[BlackElo "2582"]
[PlyCount "125"]
[EventDate "2023.09.18"]
[EventType "k.o."]
[EventCountry "NET"]
[SourceTitle "playchess.com"]
[Source "ChessBase"]
[SourceQuality "1"]
[TimeControl "900+3"]

1. Nf3 Nf6 2. g3 d5 3. Bg2 b6 4. c4 e6 5. O-O Bb7 6. b3 dxc4 7. bxc4 c5 8. Bb2 Be7 9. Nc3 O-O 10. e3 Nc6 11. Qe2 a6 12. Ne1 Qc7 13. f4 Rfd8 14. Rd1 Rab8 15. g4 Na7 16. g5 Ne8 17. Ne4 Bxe4 18. Bxe4 b5 19. Rf3 g6 20. Rh3 bxc4 21. Ba1 f5 22. Qxc4 Ng7 23. Bg2 Qb6 24. Nd3 Bf8 25. Ne5 Rd6 26. Qc2 Rdd8 27. Rf3 Nc6 28. Rff1 Nxe5 29. Bxe5 Bd6 30. Ba1 Bf8 31. Rb1 Qc7 32. Rxb8 Rxb8 33. Rb1 Ne8 34. Bf1 Rxb1 35. Qxb1 c4 36. Qc2 Nd6 37. Be5 Kf7 38. Qc3 Be7 39. d4 Qb6 40. Bxd6 Bxd6 41. Bxc4 Qb1+ 42. Kg2 Bb4 43. Qd3 Qxd3 44. Bxd3 a5 45. Bc2 Bd2 46. Kf2 Bc1 47. Bb3 Ke7 48. h4 Kd6 49. Bd1 Ke7 50. h5 gxh5 51. Bxh5 Bd2 52. Bd1 Bc1 53. Bb3 Kf7 54. Ke2 Ke7 55. d5 exd5 56. Bxd5 Ba3 57. Bg8 h6 58. gxh6 Kf6 59. h7 Kg7 60. Be6 Kxh7 61. Bxf5+ Kg7 62. e4 Kf6 63. Kf3 1-0

[Event "AI Cup Div-3 2023"]
[Site "Online"]
[Date "2023.09.25"]
[Round "1.3"]
[White "Durarbayli, Vasif"]
[Black "Sargsyan, Shant"]
[Result "1-0"]
[Annotator "ChessBase"]
[ECO "C85"]
[WhiteElo "2625"]
[BlackElo "2631"]
[PlyCount "59"]
[EventDate "2023.09.18"]
[EventType "k.o."]
[EventCountry "NET"]
[SourceTitle "playchess.com"]
[Source "ChessBase"]
[SourceQuality "1"]
[TimeControl "900+3"]

1. e4 e5 2. Nf3 Nc6 3. Bb5 a6 4. Ba4 Nf6 5. O-O Be7 6. Bxc6 dxc6 7. Re1 Qd6 8. Na3 Be6 9. d4 Nd7 10. c3 O-O-O 11. Qe2 Bg4 12. Nc4 Qe6 13. Ncxe5 Nxe5 14. dxe5 g5 15. Be3 h5 16. h3 Kb8 17. b3 c5 18. Qc4 Qh6 19. Nd2 Be6 20. Qe2 Qg6 21. f3 Qg7 22. Nc4 Bxc4 23. Qxc4 Qxe5 24. Rad1 Bd6 25. Kf1 Qh2 26. Bg1 Qh1 27. e5 Bxe5 28. Qxc5 Bd6 29. Qa7+ Kc8 30. Re7 1-0

[Event "AI Cup Div-3 2023"]
[Site "Online"]
[Date "2023.09.25"]
[Round "1.3"]
[White "Kravtsiv, Martyn"]
[Black "Robson, Ray"]
[Result "0-1"]
[Annotator "TA"]
[ECO "C42"]
[WhiteElo "2598"]
[BlackElo "2699"]
[PlyCount "146"]
[EventDate "2023.09.18"]
[EventType "k.o."]
[EventCountry "NET"]
[SourceTitle "playchess.com"]
[Source "ChessBase"]
[SourceQuality "1"]
[TimeControl "900+3"]

1. e4 e5 2. Nf3 Nf6 3. Nxe5 d6 4. Nf3 Nxe4 5. Qe2 Qe7 6. d3 Nf6 7. Bg5 Qxe2+ 8. Bxe2 Be7 9. Nc3 c6 10. O-O-O h6 $1 {[%emt 0:00:13][%mdl 4] now scores much better than the old 10...Na6.} 11. Bd2 {[%emt 0:00:23] C42: Petroff Defence: 3 Nxe5 and unusual White 3rd moves.} Na6 12. h3 {[%emt 0:00:23] [#]} (12. Nd4 $5) 12... Bd7 $5 $146 {[%emt 0:00:26][%mdl 8] An interesting novelty.} ({Predecessor:} 12... Nc7 13. g4 Bd7 14. Rde1 O-O-O 15. Nd4 Rde8 16. f4 Bd8 17. Bf3 d5 18. b4 Ne6 {0-1 Timofeev,A (2574)-Paravyan,D (2617) Titled Tuesday intern op 29th Mar Early blitz 2022 (8)}) 13. g4 {[%emt 0:00:42] White has an edge.} O-O-O 14. Rde1 Rde8 15. g5 hxg5 16. Nxg5 Rhf8 17. Bf4 Nc5 18. Rhg1 g6 19. h4 (19. Bg4 $5 Kd8 20. d4 $11) 19... Ne6 20. Bg3 Ng7 21. Nce4 Nf5 ({Better is} 21... Nxe4 $1 $15 22. dxe4 Bxg5+ {[%mdl 64] Discovered Attack, Remove Defender} 23. hxg5 Rxe4) 22. Nxf6 $1 $11 Bxf6 23. Nh7 Nxg3 (23... Bxh4 24. Bxh4 Rh8 25. Nf6 Rxe2 26. Rxe2 $16) 24. fxg3 ({Reject} 24. Rxg3 Bd4 25. Nxf8 Bxf2 $17) 24... Bd4 {[%emt 0:00:05] This pair of bishops is nice.} 25. Nxf8 Bxg1 26. Nxd7 Be3+ 27. Kd1 {[%emt 0:00:04] [#] Strongly threatening Nf6.} Kxd7 {[%emt 0:00:03][%mdl 4096] Endgame KRB-KRB} 28. Rf1 f5 29. c3 Bb6 30. g4 fxg4 31. Bxg4+ Ke7 32. d4 Rh8 33. Re1+ Kf7 34. Be6+ Kf6 35. Bd7 Kf7 36. Kc2 Bd8 37. Bc8 b6 38. Bb7 c5 39. Bd5+ Kg7 40. dxc5 dxc5 41. Re6 Bxh4 42. Be4 Bf6 43. Rc6 Re8 44. Bd3 g5 45. Bf5 Re5 46. Bc8 Re2+ 47. Kb3 Re4 48. Rc7+ Re7 (48... Kg6 $5 49. Rxa7 c4+ 50. Kb4 g4 $15) 49. Rc6 Re4 50. Be6 (50. Rc7+ $11 {keeps the balance.} Kg6 51. Rxa7) 50... g4 $17 51. Rc7+ Kg6 52. Bd5 Re7 53. Rc8 (53. Rxe7 $142 Bxe7 54. Kc4) 53... g3 54. Kc4 (54. Rg8+ $17 Bg7 55. a4) 54... Kf5 55. Rg8 Bg5 56. Rf8+ Bf6 (56... Kg4 $17 {...Rd7 is the strong threat.} 57. Kb5 Rh7 58. Be6+ Kh4) 57. a4 $2 (57. Rg8 $1 $11) 57... Re2 58. Rg8 Bg5 ({Worse is} 58... Rxb2 59. Rxg3 Bd8 60. Rg7 $11) ({Black should play} 58... Kf4 $17 59. Kb3 Rd2) 59. Rf8+ $15 Bf6 {[%emt 0:00:04] Black is more active.} (59... Kg6 $1 $15 60. Rf1 Rh2) 60. Rg8 $19 Bg5 $2 ({Weaker is} 60... Rxb2 61. Rxg3 Ke5 62. Re3+ Kf4 63. Rf3+ Ke5 64. Re3+ Kf5 65. Rf3+ Kg5 66. Be4 $11) (60... Kf4 $19 {And now ...Rd2 would win.} 61. Kb3 Rd2) 61. Rg7 $2 (61. Rf8+ $11 Bf6) 61... Rxb2 62. Rxa7 g2 63. Bxg2 Rxg2 {[%emt 0:00:03] KRB-KR} 64. Rb7 (64. a5 $142 bxa5 65. Rxa5) 64... Bd8 65. Rd7 Rg8 {[%emt 0:00:09] Threatens to win with ...Bf6.} 66. Kd5 (66. Kb5 $142) 66... Bf6 67. c4 $2 {[%emt 0:00:06] [#]} (67. Rb7 $19 Rd8+ 68. Kc4) 67... Ra8 (67... Rd8 $142 68. Rxd8 Bxd8 69. Kd6 Ke4 70. Kd7 Bh4 71. Ke6 Kd4 72. Kd7 Kxc4 73. Kc6 Kb4 74. Kxb6 Bd8+ 75. Kc6 c4 76. Kd7 Ba5 77. Ke6 c3 78. Kf5 c2 79. Kg5 c1=Q+ 80. Kg4 Bc7 81. Kf5 Qf4+ 82. Ke6 Kc5 83. Ke7 Kd5 84. a5 Bxa5 85. Kd7 Qf7+ 86. Kc8 Qc7#) 68. Rd6 (68. Rb7 $19 Ra6 69. Rb8) 68... Rd8 {[%emt 0:00:09] Black mates.} 69. Kc6 Rxd6+ 70. Kxd6 Bc3 71. Kc6 Ba5 72. Kd5 Kf4 73. Kc6 Ke4 {[%emt 0:00:04] Weighted Error Value: White=0.15 (very precise) /Black=0.22 (precise)} 0-1